MLB
PHILADELPHIA PHILLIES @ ATLANTA BRAVES
06/15/2019
 
TOP OF THE 1ST
Philadelphia Phillies batting - Pitching for Atlanta Braves : LHP Brent Suter
Pitching: LHP Brent Suter
Batting: LHB Leonys Martin 0-0: Ball
1-0: Foul Ball, location: 2F
1-1: Ground out 4-3 (Groundball, 34D, EV 105.0 MPH)
Batting: SHB Ketel Marte 0-0: Foul Ball, location: 2F
0-1: Ball
1-1: Bunt for hit to 3S - play at first, batter OUT! 3-4
Batting: RHB Giancarlo Stanton 0-0: Called Strike
0-1: Ball
1-1: Foul Ball, location: 2F
1-2: Foul Ball, location: 2F
1-2: Strikes out swinging
Top of the 1st over - 0 runs, 0 hits, 0 errors, 0 left on base; Philadelphia 0 - Atlanta 0
BOTTOM OF THE 1ST
Atlanta Braves batting - Pitching for Philadelphia Phillies : LHP David Price
Pitching: LHP David Price
Batting: LHB Mallex Smith 0-0: Ball
1-0: Foul Ball, location: 2F
1-1: Ball
2-1: Ball
3-1: Bunt for hit to 23 - play at first, batter OUT! 3-4
Batting: RHB Domingo Santana 0-0: Called Strike
0-1: Foul Ball, location: 2F
0-2: Ball
1-2: Foul Ball, location: 2F
1-2: Ball
2-2: Ball
3-2: SOLO HOME RUN (Flyball, 7D, EV 100.0 MPH) (Inside the Park)
Batting: LHB Lucas Duda 0-0: Called Strike
0-1: Foul Ball, location: 2F
0-2: Ball
1-2: Foul Ball, location: 2F
1-2: Ball
2-2: Strikes out swinging
Batting: RHB Miguel Sano 0-0: Swinging Strike
0-1: Foul Ball, location: 2F
0-2: SOLO HOME RUN (Flyball, 78XD, EV 94.4 MPH), Distance : 401 ft
Batting: SHB Robbie Grossman 0-0: Foul Ball, location: 2F
0-1: Ball
1-1: Ball
2-1: Fly out, F8 (Flyball, 89D, EV 93.1 MPH)
Bottom of the 1st over - 2 runs, 2 hits, 0 errors, 0 left on base; Philadelphia 0 - Atlanta 2
TOP OF THE 2ND
Philadelphia Phillies batting - Pitching for Atlanta Braves : LHP Brent Suter
Batting: RHB Jesus Aguilar 0-0: Ball
1-0: Called Strike
1-1: Ball
2-1: Ball
3-1: Swinging Strike
3-2: Foul Ball, location: 2F
3-2: Strikes out swinging
Batting: LHB David Peralta 0-0: Called Strike
0-1: Ball
1-1: Ball
2-1: Foul Ball, location: 2F
2-2: SINGLE (Groundball, 5D, EV 103.1 MPH)
Batting: RHB Todd Frazier 0-0: Ball
1-0: Foul Ball, location: 2F
1-1: Ball
2-1: Foul Ball, location: 2F
2-2: Ball
3-2: Foul Ball, location: 2F
3-2: Base on Balls
David Peralta to second
Batting: RHB Josh Harrison 0-0: Ball
1-0: Swinging Strike
1-1: Ball
Passed Ball!
David Peralta to third
Todd Frazier to second
2-1: Fly out, F3 (Line Drive, 3, EV 67.5 MPH)
Batting: RHB Russell Martin 0-0: Called Strike
0-1: Foul Ball, location: 2F
0-2: Strikes out swinging
Top of the 2nd over - 0 runs, 1 hit, 0 errors, 2 left on base; Philadelphia 0 - Atlanta 2
BOTTOM OF THE 2ND
Atlanta Braves batting - Pitching for Philadelphia Phillies : LHP David Price
Batting: RHB Adeiny Hechavarria 0-0: Called Strike
0-1: Swinging Strike
0-2: Ball
1-2: Ball
2-2: Strikes out swinging
Batting: RHB Pat Valaika 0-0: Called Strike
0-1: Ball
1-1: Called Strike
1-2: Fly out, F9 (Flyball, 9LSF, EV 75.0 MPH)
Batting: RHB Jorge Alfaro 0-0: Ground out 5-3 (Groundball, 56, EV 83.1 MPH)
Bottom of the 2nd over - 0 runs, 0 hits, 0 errors, 0 left on base; Philadelphia 0 - Atlanta 2
TOP OF THE 3RD
Philadelphia Phillies batting - Pitching for Atlanta Braves : LHP Brent Suter
Batting: LHB David Price 0-0: Called Strike
0-1: Swinging Strike
0-2: Ball
1-2: Ball
2-2: Foul Ball, location: 2F
2-2: Foul Ball, location: 2F
2-2: Strikes out looking
Batting: LHB Leonys Martin 0-0: Called Strike
0-1: SINGLE (Groundball, 4S, EV 72.5 MPH) (infield hit)
Batting: SHB Ketel Marte 0-0: Fly out, F9 (Line Drive, 9, EV 90.0 MPH)
Batting: RHB Giancarlo Stanton 0-0: Called Strike
Pickoff Throw to First - Out! 1-3
Top of the 3rd over - 0 runs, 1 hit, 0 errors, 0 left on base; Philadelphia 0 - Atlanta 2
BOTTOM OF THE 3RD
Atlanta Braves batting - Pitching for Philadelphia Phillies : LHP David Price
Batting: LHB Brent Suter 0-0: Ball
1-0: Called Strike
1-1: Foul Ball, location: 2F
1-2: Strikes out swinging
Batting: LHB Mallex Smith 0-0: Ball
1-0: Ball
2-0: Ball
3-0: Base on Balls
Batting: RHB Domingo Santana 0-0: Ball
1-0: Ball
2-0: Fly out, F8 (Flyball, 8RD, EV 91.9 MPH)
Batting: LHB Lucas Duda 0-0: Ball
1-0: Called Strike
1-1: Ball
2-1: Fly out, F7 (Flyball, 7, EV 87.5 MPH)
Bottom of the 3rd over - 0 runs, 0 hits, 0 errors, 1 left on base; Philadelphia 0 - Atlanta 2
TOP OF THE 4TH
Philadelphia Phillies batting - Pitching for Atlanta Braves : LHP Brent Suter
Batting: RHB Giancarlo Stanton 0-0: Foul Ball, location: 2F
0-1: Called Strike
0-2: Ball
1-2: Strikes out swinging, 2-3 out at first.
Batting: RHB Jesus Aguilar 0-0: Called Strike
0-1: Ball
1-1: Foul Ball, location: 2F
1-2: Strikes out swinging
Batting: LHB David Peralta 0-0: Swinging Strike
0-1: Foul Ball, location: 2F
0-2: Ball
1-2: Fly out, F3 (Popup, 3F, EV 71.3 MPH)
Top of the 4th over - 0 runs, 0 hits, 0 errors, 0 left on base; Philadelphia 0 - Atlanta 2
BOTTOM OF THE 4TH
Atlanta Braves batting - Pitching for Philadelphia Phillies : LHP David Price
Batting: RHB Miguel Sano 0-0: Ball
1-0: Ball
2-0: Swinging Strike
2-1: Foul Ball, location: 2F
2-2: Strikes out swinging
Batting: SHB Robbie Grossman 0-0: Ball
1-0: Called Strike
1-1: Ball
2-1: Ball
3-1: Base on Balls
Batting: RHB Adeiny Hechavarria 0-0: Ball
1-0: Ball
2-0: SINGLE (Line Drive, 34, EV 110.0 MPH)
Robbie Grossman to second
Batting: RHB Pat Valaika 0-0: Called Strike
0-1: Foul Ball, location: 2F
0-2: Ball
1-2: Ball
2-2: Strikes out swinging
Batting: RHB Jorge Alfaro 0-0: SINGLE (Line Drive, 8LS, EV 92.5 MPH)
Robbie Grossman to third
Adeiny Hechavarria to second
Batting: LHB Brent Suter 0-0: Called Strike
0-1: Ball
1-1: Ball
2-1: Ball
3-1: Foul Ball, location: 2F
3-2: Ground out 6-3 (Groundball, 6, EV 104.4 MPH)
Bottom of the 4th over - 0 runs, 2 hits, 0 errors, 3 left on base; Philadelphia 0 - Atlanta 2
TOP OF THE 5TH
Philadelphia Phillies batting - Pitching for Atlanta Braves : LHP Brent Suter
Batting: RHB Todd Frazier 0-0: Ground out 6-3 (Groundball, 6, EV 85.6 MPH)
Batting: RHB Josh Harrison 0-0: Ball
1-0: Ground out 4-3 (Groundball, 6MS, EV 83.1 MPH)
Batting: RHB Russell Martin 0-0: Fly out, F8 (Flyball, 8RM, EV 90.0 MPH)
Top of the 5th over - 0 runs, 0 hits, 0 errors, 0 left on base; Philadelphia 0 - Atlanta 2
BOTTOM OF THE 5TH
Atlanta Braves batting - Pitching for Philadelphia Phillies : LHP David Price
Batting: LHB Mallex Smith 0-0: Called Strike
0-1: Foul Ball, location: 2F
0-2: Fly out, F5 (Popup, 56S, EV 73.1 MPH)
Batting: RHB Domingo Santana 0-0: Called Strike
0-1: Foul Ball, location: 2F
0-2: Foul Ball, location: 2F
0-2: Strikes out swinging
Batting: LHB Lucas Duda 0-0: Called Strike
0-1: Ground out 4-3 (Groundball, 4, EV 99.4 MPH)
Bottom of the 5th over - 0 runs, 0 hits, 0 errors, 0 left on base; Philadelphia 0 - Atlanta 2
TOP OF THE 6TH
Philadelphia Phillies batting - Pitching for Atlanta Braves : LHP Brent Suter
Batting: LHB David Price 0-0: Ball
1-0: Foul Ball, location: 2F
1-1: Foul Ball, location: 2F
1-2: Ball
2-2: Ball
3-2: Strikes out looking
Batting: LHB Leonys Martin 0-0: Ball
1-0: Ball
2-0: Called Strike
2-1: Ball
3-1: Base on Balls
Batting: SHB Ketel Marte 0-0: Ball
1-0: Called Strike
1-1: Ball
2-1: Foul Ball, location: 2F
2-2: Foul Ball, location: 2F
2-2: DOUBLE (Line Drive, 9LS, EV 106.3 MPH)
Leonys Martin to third
Batting: RHB Giancarlo Stanton 0-0: Ball
1-0: Called Strike
1-1: SINGLE (Line Drive, 78S, EV 106.3 MPH)
Leonys Martin scores
Ketel Marte to third
Batting: RHB Jesus Aguilar 0-0: Ball
1-0: 3-RUN HOME RUN (Flyball, 7LD, EV 105.6 MPH), Distance : 344 ft
Batting: LHB David Peralta 0-0: Called Strike
0-1: Ball
1-1: Ground out 1-3 (Groundball, 34S, EV 86.9 MPH)
Batting: RHB Todd Frazier 0-0: Ball
1-0: Foul Ball, location: 2F
1-1: Ball
2-1: DOUBLE (Groundball, 5L, EV 110.0 MPH)
Pitching: RHP Matt Wisler
Batting: RHB Josh Harrison 0-0: Fly out, F7 (Flyball, 7, EV 73.8 MPH)
Top of the 6th over - 4 runs, 4 hits, 0 errors, 1 left on base; Philadelphia 4 - Atlanta 2
BOTTOM OF THE 6TH
Atlanta Braves batting - Pitching for Philadelphia Phillies : LHP David Price
Batting: RHB Miguel Sano 0-0: Called Strike
0-1: Ball
1-1: Ball
2-1: Called Strike
2-2: Foul Ball, location: 2F
2-2: Foul Ball, location: 2F
2-2: Strikes out looking
Batting: SHB Robbie Grossman 0-0: Swinging Strike
0-1: Ball
1-1: Ground out 2-3 (Groundball, 2R, EV 65.0 MPH)
Batting: RHB Adeiny Hechavarria 0-0: Called Strike
0-1: SINGLE (Line Drive, 6D, EV 103.1 MPH)
Batting: RHB Pat Valaika 0-0: Ball
1-0: Called Strike
1-1: Called Strike
1-2: Ball
2-2: Ground out 6-3 (Groundball, 6S, EV 78.1 MPH)
Bottom of the 6th over - 0 runs, 1 hit, 0 errors, 1 left on base; Philadelphia 4 - Atlanta 2
TOP OF THE 7TH
Philadelphia Phillies batting - Pitching for Atlanta Braves : RHP Matt Wisler
Batting: RHB Russell Martin 0-0: Called Strike
0-1: Ball
1-1: Called Strike
1-2: Strikes out swinging
Pinch Hitting: LHB Nicky Delmonico 0-0: Ball
1-0: SOLO HOME RUN (Line Drive, 9D, EV 102.5 MPH), Distance : 422 ft
Batting: LHB Leonys Martin 0-0: Called Strike
0-1: SINGLE (Groundball, 4S, EV 64.4 MPH) (infield hit)
Batting: SHB Ketel Marte 0-0: Ball
1-0: Called Strike
1-1: Ball
Wild Pitch!
Leonys Martin to second
2-1: Ball
3-1: Foul Ball, location: 2F
3-2: Ground out 4-3 (Groundball, 34D, EV 103.1 MPH)
Leonys Martin to third
Batting: RHB Giancarlo Stanton 0-0: Ground out 6-3 (Groundball, 6, EV 79.4 MPH)
Top of the 7th over - 1 run, 2 hits, 0 errors, 1 left on base; Philadelphia 5 - Atlanta 2
BOTTOM OF THE 7TH
Atlanta Braves batting - Pitching for Philadelphia Phillies : LHP David Price
Pitching: RHP Bryan Shaw
Batting: RHB Jorge Alfaro 0-0: Called Strike
0-1: Ball
1-1: Ball
2-1: Swinging Strike
2-2: Ball
3-2: Strikes out swinging
Pinch Hitting: RHB Ian Desmond 0-0: Fly out, F8 (Flyball, 8RM, EV 93.1 MPH)
Batting: LHB Mallex Smith 0-0: Ball
1-0: Called Strike
1-1: Fly out, F5 (Line Drive, 5, EV 68.1 MPH)
Bottom of the 7th over - 0 runs, 0 hits, 0 errors, 0 left on base; Philadelphia 5 - Atlanta 2
TOP OF THE 8TH
Philadelphia Phillies batting - Pitching for Atlanta Braves : RHP Matt Wisler
Pitching: RHP Ivan Nova
Batting: RHB Jesus Aguilar 0-0: Called Strike
0-1: Ball
1-1: Called Strike
1-2: Ground out 6-3 (Groundball, 6, EV 85.6 MPH)
Batting: LHB David Peralta 0-0: Called Strike
0-1: Swinging Strike
0-2: Ball
1-2: Strikes out swinging
Batting: RHB Todd Frazier 0-0: Ball
1-0: SINGLE (Line Drive, 5D, EV 98.8 MPH)
Batting: RHB Josh Harrison 0-0: Ball
1-0: Ball
2-0: Fly out, F9 (Flyball, 9LS, EV 93.1 MPH)
Top of the 8th over - 0 runs, 1 hit, 0 errors, 1 left on base; Philadelphia 5 - Atlanta 2
BOTTOM OF THE 8TH
Atlanta Braves batting - Pitching for Philadelphia Phillies : RHP Bryan Shaw
Pitching: RHP Lou Trivino
Batting: RHB Domingo Santana 0-0: Called Strike
0-1: Ball
1-1: Ball
2-1: Called Strike
2-2: Strikes out swinging
Batting: LHB Lucas Duda 0-0: Called Strike
0-1: Ball
1-1: Foul Ball, location: 2F
1-2: Ball
2-2: Foul Ball, location: 2F
2-2: Foul Ball, location: 2F
2-2: Ground out 4-3 (Groundball, 4, EV 83.1 MPH)
Batting: RHB Miguel Sano 0-0: Foul Ball, location: 2F
0-1: Foul Ball, location: 2F
0-2: Ball
1-2: Ball
2-2: Fly out, F7 (Flyball, 7S, EV 92.5 MPH)
Bottom of the 8th over - 0 runs, 0 hits, 0 errors, 0 left on base; Philadelphia 5 - Atlanta 2
TOP OF THE 9TH
Philadelphia Phillies batting - Pitching for Atlanta Braves : RHP Ivan Nova
Pitching: RHP Daniel Hudson
Batting: RHB Russell Martin 0-0: Called Strike
0-1: Swinging Strike
0-2: Strikes out looking
Pinch Hitting: LHB Justin Bour 0-0: Ball
1-0: Called Strike
1-1: Ball
2-1: Fly out, F9 (Line Drive, 9, EV 87.5 MPH)
Batting: LHB Leonys Martin 0-0: Called Strike
0-1: Fly out, F4 (Popup, 3DF, EV 57.5 MPH)
Top of the 9th over - 0 runs, 0 hits, 0 errors, 0 left on base; Philadelphia 5 - Atlanta 2
BOTTOM OF THE 9TH
Atlanta Braves batting - Pitching for Philadelphia Phillies : RHP Lou Trivino
Pitching: RHP Kenley Jansen
Batting: SHB Robbie Grossman 0-0: Called Strike
0-1: Called Strike
0-2: Ball
1-2: Ball
2-2: SINGLE (Line Drive, 4D, EV 109.4 MPH)
Batting: RHB Adeiny Hechavarria 0-0: Ball
1-0: Ball
Passed Ball!
Robbie Grossman to second
2-0: Called Strike
2-1: Ball
3-1: Base on Balls
Pinch Hitting: LHB Ben Gamel 0-0: Grounds into double play, 4-6-3 (Groundball, 4, EV 85.6 MPH)
Robbie Grossman to third
Batting: RHB Jorge Alfaro 0-0: Fly out, F9 (Flyball, 9S, EV 84.4 MPH)
Bottom of the 9th over - 0 runs, 1 hit, 0 errors, 1 left on base; Philadelphia 5 - Atlanta 2
Tuesday, September 17th, 2019 - OOTP Baseball 20.6 Build 54